 Dungeon Crawl Stone Soup version 0.31-a0-647-g38d6a14cb1 (webtiles) character file.

Game seed: 16045725261494309590

22477 MacCMillion the Fighter (level 13, -10/116 HPs)
             Began as a Ghoul Fighter on Aug 29, 2023.
             Was a Priest of Makhleb.
             Mangled by a death yak (20 damage)
             ... in an ice cave.
             The game lasted 00:35:57 (16040 turns).

MacCMillion the Fighter (Ghoul Fighter)            Turns: 16040, Time: 00:35:58

Health: -10/116    AC: 21    Str: 28    XL:     13   Next: 0%
Magic:  28/28      EV: 14    Int:  6    God:    Makhleb [***...]
Gold:   768        SH:  8    Dex:  4    Spells: 12/12 levels left

rFire   x . .        N - +7 whip of the Unliving {elec, Will+ rCorr Str+3}
rCold   + + .        c - +0 buckler
rNeg    + + +        Z - +7 chain mail "Apuat" {+Inv rCorr MP+9 Dex-4}
rPois   ∞            y - +0 helmet
rElec   .            (no cloak)
rCorr   +            (no gloves)
SInv    .            p - +0 pair of boots
Will    ++...        e - amulet of Pofoo {Reflect Will+ Int+3 SH+5} Stlth
                     B - +5 ring of evasion
HPRegen 0.00/turn    w - ring of ice
MPRegen 0.21/turn

%: reflection
@: inhibited regen
A: claws 1, cold resistance 1, negative energy resistance 3, inhibited
regeneration, torment resistance 2, devour on kill
a: Renounce Religion, Evoke Invisibility, Minor Destruction, Lesser Servant of
Makhleb


You were in an ice cave.
You worshipped Makhleb.
Makhleb was most pleased with you.
You visited 3 branches of the dungeon, and saw 15 of its levels.
You also visited: Ice Cave.

You collected 768 gold pieces.

Inventory:

Hand Weapons
 v - a +2 war axe of holy wrath
 H - a +3 heavy war axe
 N - the +7 whip of the Unliving (weapon) {elec, Will+ rCorr Str+3}
   (You found it on level 8 of the Dungeon)

   Str+3:     It affects your strength (+3).
   Will+:     It increases your willpower.
   rCorr:     It protects you from acid and corrosion.
Missiles
 L - a throwing net
 O - 21 poisoned darts
 W - 2 atropa-tipped darts
Armour
 c - a +0 buckler (worn)
 p - a +0 pair of boots (worn)
 y - a +0 helmet (worn)
 F - a +0 plate armour
 I - a +0 kite shield
 Z - the +7 chain mail "Apuat" (worn) {+Inv rCorr MP+9 Dex-4}
   (You found it on level 10 of the Dungeon)

   Dex-4:     It affects your dexterity (-4).
   MP+9:      It affects your magic capacity (+9).
   +Inv:      It lets you turn invisible.
   rCorr:     It protects you from acid and corrosion.
Jewellery
 e - the amulet of Pofoo (around neck) {Reflect Will+ Int+3 SH+5}
   (You acquired it on level 2 of the Lair of Beasts)

   [amulet of reflection]

   Reflect:   It reflects blocked missile attacks.
   Int+3:     It affects your intelligence (+3).
   Will+:     It increases your willpower.
   SH+5:      It affects your SH (+5).
 o - an amulet of the acrobat
 r - a ring of magical power
 s - a ring of wizardry
 w - a ring of ice (right claw)
 B - a +5 ring of evasion (left claw)
 C - a ring of resist corrosion
 P - a ring of fire
 Y - an amulet of magic regeneration
Wands
 a - a wand of flame (1)
 m - a wand of roots (5)
 D - a wand of charming (26)
Scrolls
 b - 3 scrolls of immolation
 f - 3 scrolls of teleportation
 h - 2 scrolls of amnesia
 i - 4 scrolls of noise {unknown}
 k - 4 scrolls of revelation {unknown}
 l - 3 scrolls of poison {unknown}
 t - 5 scrolls of fog {unknown}
 A - a scroll of blinking
 E - 2 scrolls of brand weapon
 J - a scroll of identify
 K - a scroll of vulnerability
 M - a scroll of enchant weapon
 Q - 3 scrolls of fear {unknown}
 U - a scroll of torment
 V - 2 scrolls of enchant armour {unknown}
Potions
 d - 6 potions of might
 g - 3 potions of ambrosia
 j - 2 potions of cancellation
 n - a potion of enlightenment {unknown}
 q - 2 potions of heal wounds
 u - 3 potions of lignification
 x - 3 potions of haste
 z - a potion of degeneration {unknown}
 G - 3 potions of curing
 R - 2 potions of brilliance {unknown}
 S - 2 potions of resistance {unknown}


   Skills:
 + Level 11.4 Fighting
 - Level 10.8 Axes
 - Level 9.5 Armour
 - Level 6.0 Dodging
 - Level 4.0 Shields
 + Level 9.8 Invocations


You had 12 spell levels left.
You didn't know any spells.
Your spell library contained the following spells:

 Spells                   Type           Power      Damage    Failure   Level
 Kiss of Death            Conj/Necr      0%         2d5       91%         1
 Ensorcelled Hibernation  Hex/Ice        0%         N/A       97%         2
 Lesser Beckoning         Tloc           0%         N/A       97%         2
 Passwall                 Tmut/Erth      0%         N/A       97%         2
 Confusing Touch          Hex            0%         N/A       99%         3
 Gell's Gravitas          Tloc           0%         N/A       99%         3
 Swiftness                Air            0%         N/A       99%         3
 Teleport Other           Tloc           0%         N/A       99%         3
 Cause Fear               Hex            0%         N/A       100%        4
 Dispel Undead            Necr           0%         3d6       100%        4
 Fireball                 Conj/Fire      0%         3d3       100%        5
 Iskenderun's Battlesphe  Conj           0%         2d6       100%        5
 Conjure Ball Lightning   Conj/Air       0%         3x3d6     100%        6
 Orb of Destruction       Conj           0%         9d5       100%        7
 Dragon's Call            Summ           0%         N/A       100%        9


Dungeon Overview and Level Annotations

Branches:
Dungeon (12/15)            Temple (1/1) D:5            Lair (2/5) D:10
    Orc (0/2) D:11          IceCv (1/1)
  Swamp: Lair:2-3    Shoals: Lair:2-3     Snake: Lair:2-3    Spider: Lair:2-3

Altars:
Ashenzari
Cheibriados
Dithmenos
Fedhas
Gozag
Hepliaklqana
Kikubaaqudgha
Makhleb
Nemelex Xobeh
Okawaru
Qazlal
Ru
Sif Muna
Trog
Uskayaw
Vehumet
Wu Jian
Xom
Yredelemnul

Shops:
D:6 =

Portals:
Trove: D:11 (give +5 ice dragon scales)

Annotations:
D:2 1 runed translucent door, Crazy Yiuf, Sigmund
D:5 1 runed translucent door, GreedOfGod's ghost, novice DENe
D:6 Jeremiah
Lair:1 1 runed translucent door
Lair:2 1 runed translucent door, exclusion: ice statue, gyole's ghost, journeyman HOMo


Innate Abilities, Weirdness & Mutations

You are immune to poison.
You have sharp fingernails.
Your flesh is cold resistant. (rC+)
You are immune to negative energy. (rN+++)
You do not regenerate when monsters are visible.
You are immune to unholy pain and torment.
You thrive by killing the living.


Message History

The death yak barely misses you.
You hit the death yak.
The death yak is almost dead.
You hit the death yak but do no damage.
The death yak is almost dead.
The death yak gores you!
You hit the death yak but do no damage.
The death yak is almost dead.
A yak comes into view.
The death yak gores you!
* * * LOW HITPOINT WARNING * * *
You hear a bellow!
You hit the death yak.
The death yak is almost dead.
A death yak comes into view.
The death yak gores you but does no damage.
You hit the death yak but do no damage.
The death yak is almost dead.
You barely miss the death yak.
The death yak is almost dead.
The death yak gores you.
* * * LOW HITPOINT WARNING * * *
A demon appears!
The death yak gores you.
* * * LOW HITPOINT WARNING * * *
A yak comes into view.
The death yak gores your smoke demon!!
Your smoke demon gestures at the death yak.
The sticky flame hits the death yak but does no damage.
The death yak is covered in liquid flames!
A demon appears!
The death yak burns!
The death yak gores your smoke demon!
Your smoke demon dies!
Your smoke demon disappears in a puff of smoke!
You swap places.
The death yak burns!
Your neqoxec hits the death yak.
The death yak dies!
Makhleb accepts your kill.
You have reached level 13!
A demon appears!
The yak snorts and paws the ground.
A demon appears!
The death yak gores you!!
You die...

#..#..## ##...#
.####..# ##††.# ##
##.## ##...## # #..##
#...## ##..## #..##
##..# ##..## ##..##
##..# ##..## ####..####
##..## ##.#.@..#.##
#..######..3..Y....##
#..#...#....4Y3Y....##
##...##........#.....##
####.......###.......#
##..#######.......#
#### ##........## #
###.......### #
#.......###


You could see a death yak (ally target), 2 yaks, a friendly orange demon
(summoned) and 2 friendly neqoxecs.

Vanquished Creatures
  7 two-headed ogres
  Erica (D:11)
  A death yak (IceCv)
  2 ugly things
  3 elephants (Lair:2)
  A gargoyle (D:9)
  An ice statue (IceCv)
  A torpor snail (D:10)
  A cane toad (Lair:2)
  2 komodo dragons
  Psyche (D:10)
  3 rime drakes (IceCv)
  3 trolls
  4 polar bears (IceCv)
  Prince Ribbit (D:5)
  4 blink frogs (Lair:2)
  Grinder (D:5)
  4 wyverns
  10 yaks
  Eustachio (D:6)
  4 basilisks
  A human (Lair:1)
  2 steam dragons
  3 death yak simulacra (Lair:2)
  4 vampire mosquitoes
  An acid dragon (D:10)
  9 water moccasins
  An orc warrior (D:4)
  A black bear (D:7)
  An ice beast (D:8)
  4 wolves (IceCv)
  4 centaurs
  A phantom (D:6)
  Blork the orc (D:4)
  A kobold brigand (D:9)
  A scorpion (D:4)
  6 bullfrogs
  3 wights
  An elephant simulacrum (Lair:2)
  A howler monkey (D:5)
  6 hounds
  9 orc priests
  3 jellies
  3 gnoll boudas
  5 orc wizards
  3 sleepcaps
  Ijyb (D:5)
  7 iguanas
  Natasha (thrice) (D:4)
  10 adders
  15 gnolls
  2 shadow imps (D:6)
  2 white imps
  A worm (D:3)
  3 dart slugs
  21 orcs
  3 bats
  6 endoplasms
  5 giant cockroaches
  10 goblins
  10 hobgoblins
  3 jackals (D:1)
  16 kobolds
  3 quokkas
  5 ball pythons
  3 frilled lizards
  6 rats
266 creatures vanquished.

Vanquished Creatures (collateral kills)
  2 death yaks (IceCv)
  4 blink frogs (Lair:2)
6 creatures vanquished.

Grand Total: 272 creatures vanquished

Notes
Turn   | Place    | Note
-------+----------+-------------------------------------------
     0 | D:1      | MacCMillion the Ghoul Fighter began the quest for the Orb.
     0 | D:1      | Reached XP level 1. HP: 19/19 MP: 0/0
   160 | D:1      | Reached XP level 2. HP: 22/26 MP: 1/1
   384 | D:1      | Found a faded altar of an unknown god.
   609 | D:1      | Reached XP level 3. HP: 31/31 MP: 2/2
  1137 | D:2      | Noticed Sigmund
  1300 | D:2      | Reached XP level 4. HP: 38/38 MP: 3/3
  1643 | D:2      | Found a runed translucent door.
  1644 | D:2      | Noticed Crazy Yiuf
  2739 | D:4      | Found a burning altar of Makhleb.
  2745 | D:4      | Reached XP level 5. HP: 45/45 MP: 4/4
  2745 | D:4      | Noticed Blork the orc
  2758 | D:4      | Killed Blork the orc
  2929 | D:4      | Reached XP level 6. HP: 43/51 MP: 5/5
  2972 | D:4      | Reached skill level 5 in Axes
  3935 | D:4      | Noticed Natasha
  3945 | D:4      | Killed Natasha
  4152 | D:4      | Noticed Natasha
  4164 | D:4      | Killed Natasha
  4165 | D:4      | Reached XP level 7. HP: 55/57 MP: 6/6
  4233 | D:4      | Found a burning altar of Makhleb.
  4244 | D:4      | Noticed Natasha
  4262 | D:4      | Killed Natasha
  5054 | D:5      | Entered Level 5 of the Dungeon
  5248 | D:4      | Became a worshipper of Makhleb the Destroyer
  5288 | D:5      | Noticed Prince Ribbit
  5478 | D:5      | Killed Prince Ribbit
  5623 | D:5      | Found a hazy altar of Hepliaklqana.
  5663 | D:5      | Found a runed translucent door.
  5666 | D:5      | Noticed GreedOfGod's ghost (novice DENe)
  5713 | D:5      | Noticed Ijyb
  5735 | D:5      | Killed Ijyb
  5736 | D:5      | Reached XP level 8. HP: 63/63 MP: 7/9
  6318 | D:5      | Noticed Grinder
  6394 | D:5      | Paralysed by Grinder for 4 turns
  6413 | D:5      | Killed Grinder
  6597 | D:5      | Found a staircase to the Ecumenical Temple.
  6608 | D:6      | Found Leil's Jewellery Boutique.
  6793 | Temple   | Entered the Ecumenical Temple
  7314 | D:6      | Noticed Eustachio
  7388 | D:5      | Reached * piety under Makhleb
  7389 | D:5      | Reached XP level 9. HP: 52/70 MP: 11/11
  7718 | D:6      | Killed Eustachio
  8201 | D:6      | Noticed Jeremiah
  8476 | D:7      | Reached skill level 10 in Axes
  8844 | D:7      | Noticed a green ugly thing
  8861 | D:7      | Killed a green ugly thing
  8862 | D:7      | Reached skill level 4 in Fighting
  8866 | D:7      | Reached skill level 5 in Invocations
  9260 | D:7      | Found an ornate altar of the Wu Jian Council.
  9262 | D:7      | Found a blossoming altar of Fedhas.
  9265 | D:7      | Found a radiant altar of Vehumet.
  9438 | D:8      | Noticed a two-headed ogre
  9551 | D:8      | Noticed a two-headed ogre
  9739 | D:8      | Killed a two-headed ogre
  9740 | D:8      | Reached skill level 5 in Fighting
  9740 | D:8      | Reached XP level 10. HP: 20/81 MP: 13/13
 10162 | D:8      | Identified the +7 whip of the Unliving {elec, Will+ rCorr
                  | Str+3}
 10304 | D:8      | Killed a two-headed ogre
 10304 | D:8      | Reached ** piety under Makhleb
 10305 | D:8      | Reached skill level 6 in Fighting
 10305 | D:8      | Reached skill level 5 in Armour
 10639 | D:8      | Found a basalt altar of Yredelemnul.
 11009 | D:9      | Noticed a gargoyle
 11015 | D:9      | Killed a gargoyle
 11016 | D:9      | Reached skill level 7 in Fighting
 11533 | D:10     | Entered Level 10 of the Dungeon
 11639 | D:10     | Noticed a two-headed ogre
 11840 | D:10     | Reached XP level 11. HP: 92/92 MP: 15/15
 11921 | D:10     | Identified the +7 chain mail "Apuat" {+Inv rCorr MP+9
                  | Dex-4}
 12095 | D:10     | Noticed a two-headed ogre
 12136 | D:10     | Killed a two-headed ogre
 12268 | D:10     | Noticed Psyche
 12292 | D:10     | Killed a two-headed ogre
 12293 | D:10     | Reached skill level 8 in Fighting
 12311 | D:10     | Killed Psyche
 12432 | D:10     | Found a staircase to the Lair.
 12503 | D:11     | Noticed Erica
 12514 | D:11     | Killed Erica
 12544 | D:11     | Found a staircase to the Orcish Mines.
 12710 | D:11     | Found a portal to a secret trove of treasure.
 12732 | D:11     | Noticed a two-headed ogre
 12743 | D:11     | Killed a two-headed ogre
 12837 | D:11     | Reached skill level 9 in Fighting
 12982 | D:11     | Noticed a two-headed ogre
 12990 | D:11     | Killed a two-headed ogre
 13143 | D:12     | Noticed a two-headed ogre
 13392 | D:12     | Noticed a two-headed ogre
 13393 | D:12     | Noticed a white ugly thing
 13395 | D:12     | Killed a two-headed ogre
 13591 | D:12     | Noticed a two-headed ogre
 13654 | D:12     | Killed a white ugly thing
 13655 | D:12     | Reached skill level 10 in Fighting
 13731 | D:12     | Noticed a deep elf pyromancer
 13819 | Lair:1   | Entered Level 1 of the Lair of Beasts
 13858 | D:10     | Reached *** piety under Makhleb
 14086 | D:10     | Reached XP level 12. HP: 75/106 MP: 17/17
 14368 | Lair:1   | Reached skill level 1 in Dodging
 14536 | Lair:1   | Found a runed translucent door.
 14536 | Lair:1   | Noticed a reaper
 14799 | Lair:2   | Identified a scroll of acquirement
 14800 | Lair:2   | Acquired the amulet of Pofoo {Reflect Will+ Int+3 SH+5}
 14920 | Lair:2   | Found a runed translucent door.
 14994 | Lair:2   | Noticed gyole's ghost (journeyman HOMo)
 15036 | Lair:2   | Reached skill level 5 in Dodging
 15045 | Lair:2   | Noticed a catoblepas
 15104 | Lair:2   | Found a frozen archway.
 15213 | IceCv    | Entered an ice cave
 15431 | IceCv    | Reached **** piety under Makhleb
 15591 | IceCv    | Noticed a death yak
 15608 | IceCv    | Killed a death yak
 15609 | IceCv    | Reached skill level 11 in Fighting
 15621 | IceCv    | Noticed a death yak
 15658 | IceCv    | Killed a death yak
 15987 | IceCv    | Noticed a death yak
 16031 | IceCv    | Noticed a death yak
 16038 | IceCv    | Killed a death yak
 16039 | IceCv    | Reached XP level 13. HP: 18/116 MP: 19/19
 16040 | IceCv    | Mangled by a death yak

Illustrated notes

Levels and vault maps discovered:
D:1:      amcnicky_arrival_abandoned_market, layout_loops_ring,
          basic_ecumenical_altar
D:2:      layout_loops_ring, uniq_sigmund, uniq_crazy_yiuf_cottage
D:3:      corexii_shack_village, layout_basic, serial_bayou_lagoon_a,
          st_stairs_13
D:4:      layout_basic, makhleb_heckhound_becter, minmay_starry_boxes,
          uniq_blork_the_orc, uniq_natasha
D:5:      layout_cave_pools, nicolae_hepliaklqana_hazy_memory,
          minmay_temple_entry_stoned_glass, hellmonk_ghost_happy_afterlife,
          nicolae_letterblocks [nicolae_letter_subblock,
          nicolae_letter_subblock, nicolae_letter_subblock,
          nicolae_letter_subblock, nicolae_letter_subblock,
          nicolae_letter_subblock, nicolae_letter_subblock,
          nicolae_letter_subblock, nicolae_letter_subblock,
          nicolae_letter_subblock, nicolae_letter_subblock,
          nicolae_letter_subblock, nicolae_letter_subblock,
          nicolae_letter_subblock, nicolae_letter_subblock,
          nicolae_letter_subblock, nicolae_letter_subblock,
          nicolae_letter_subblock, nicolae_letter_subblock,
          nicolae_letter_subblock, nicolae_letter_subblock,
          nicolae_letter_subblock, nicolae_letter_subblock,
          nicolae_letter_subblock, nicolae_letter_subblock],
          uniq_prince_ribbit1, uniq_grinder, uniq_ijyb
D:6:      layout_basic, serial_shops, nicolae_stop_n_shop_2, uniq_jeremiah,
          uniq_eustachio
D:7:      layout_loops_ring, nicolae_overflow_crystal_walls,
          nicolae_overflow_hidden_temple
D:8:      layout_cave_pools, mainiacjoe_overflow_chevrons, marbit_many_paths,
          grunt_ministairs_7
D:9:      layout_long_grid
D:10:     layout_rooms, lair_entry_dummy, uniq_psyche
D:11:     layout_loops_ring, orc_0_dummy, nicolae_trove_entry_isolated,
          zin_statuary, uniq_erica
D:12:     layout_long_grid, nicolae_transmutations_shop, minmay_checkerbox,
          uniq_snorg, uniq_azrael
Temple:   regret_index_temple_waves
Lair:1:   layout_hall_layers, pdpol_lair_cabin_in_the_woods, grunt_megastairs_2
Lair:2:   gammafunk_indiana_jones, layout_long_grid,
          portal_ice_cave_entry_ice_simulacra, nzn_ghost_randoct, pond
IceCv:    ice_cave_small_giant

Skill      XL: |  1  2  3  4  5  6  7  8  9 10 11 12 |
---------------+-------------------------------------+-----
Axes           | 2 3 4 6 7 9 10 | 10.8
Shields        | 3 4 |  4.0
Invocations    | 2 4 5 7 8 9 |  9.8
Armour         | 4 6 9 |  9.5
Fighting       | 5 7 10 11 | 11.4
Dodging        | 6 |  6.0

Action                     |  1- 3 |  4- 6 |  7- 9 | 10-12 | 13-15 || total
---------------------------+-------+-------+-------+-------+-------++-------
  Melee: War axe           |   117 |   184 |   354 |    75 |       ||   730
         Whip              |       |       |       |   527 |       ||   527
  Throw: Dart              |       |       |     5 |     8 |       ||    13
 Invoke: Minor Destruction |       |       |       |    29 |       ||    29
         Lesser Servant of |       |       |       |     5 |     2 ||     7
  Evoke: Wand              |       |       |     4 |     7 |       ||    11
    Use: Potion            |       |       |     1 |       |       ||     1
         Scroll            |       |       |       |    16 |       ||    16
   Stab: Invisible         |       |       |     3 |     1 |       ||     4
 Armour: Scale mail        |    49 |       |       |       |       ||    49
         Chain mail        |     2 |    98 |    32 |   184 |       ||   316
         Plate armour      |       |       |   109 |    53 |       ||   162
  Dodge: Dodged            |    68 |    79 |   199 |   410 |       ||   756
  Block: Buckler           |    21 |    32 |    48 |   171 |       ||   272

Table legend: (Time is in decaauts)
 A = Elapsed time spent in this place.
 B = Non-inter-level travel time spent in this place.
 C = Inter-level travel time spent in this place.
 D = Time resting spent in this place.
 E = Time spent auto-exploring this place.
 F = Levels seen in this place.
 G = Mean time per level.
                   A        B        C        D        E       F      G
               +--------+--------+--------+--------+--------+-----+--------+
         Total |  16151 |  15116 |   1035 |   4631 |   6949 |  16 | 1009.4 |
       Dungeon |  14266 |  13258 |   1008 |   4086 |   6328 |  12 | 1188.8 |
        Temple |      1 |      1 |      0 |      0 |      0 |   1 |    1.0 |
          Lair |   1036 |   1010 |     26 |     72 |    473 |   2 |  518.0 |
      Ice Cave |    847 |    847 |      0 |    473 |    148 |   1 |  847.0 |
               +--------+--------+--------+--------+--------+-----+--------+

Top non-repeatable levels by time:
     D:4: 2806 daAuts
     D:5: 1594 daAuts
     D:7: 1445 daAuts
     D:6: 1370 daAuts
    D:10: 1169 daAuts
     D:3: 1139 daAuts
    D:11: 1065 daAuts
     D:1: 1005 daAuts
     D:9: 899 daAuts
   IceCv: 847 daAuts
     D:2: 826 daAuts
     D:8: 735 daAuts
  Lair:1: 640 daAuts
  Lair:2: 395 daAuts
    D:12: 208 daAuts
